cohdb
Replays
Latest Replays
All Replays
Popular Replays
Top Player Replays
Match Explorer
How It Works
Community
CoH3 Stats
Reddit
Sign in to upload your games and track your stats! →
Sign in with Steam
Match 47484687
Unlisted
Match 47484687
Overview
Messages
Build Orders
End
Selects Luftwaffe Battlegroup
Selects Luftwaffe Pioneer Support
Fallschirmpioneer Squad Paradrop
Construct Infanterie Kompanie
MG 42 Machine Gun Team
Fallschirmpioneer Squad Paradrop
MG 42 Machine Gun Team
Construct Panzergrenadier Kompanie
Selects Stuka Strafing Run
Kettenkrad Recon Vehicle
Stuka Strafing Run
MindfulRaptor
nispe
Serika
MrBlueSteel
kamacura
Jerking Hans
0
0
Comments
sign in to comment!
No comments posted yet!